 Dungeon Crawl Stone Soup version 0.24.1-5-g77f818bfca (webtiles) character file.

Game seed: 17627537779656232366, levelgen mode: deterministic

214 H0rd4k the Magician (level 5, -3/28 HPs)
             Began as a Deep Elf Wizard on Apr 23, 2020.
             Killed by divine providence
             ... invoked by an orc priest
              (15 damage)
             ... on level 3 of the Dungeon.
             The game lasted 00:05:35 (1971 turns).

H0rd4k the Magician (Deep Elf Wizard)               Turns: 1971, Time: 00:05:35

Health: -3/28      AC:  2    Str:  4    XL:     5   Next: 60%
Magic:  1/16       EV: 13    Int: 24    God:
Gold:   117        SH:  0    Dex: 13    Spells: 9/18 levels left

rFire    . . .     SeeInvis .   h - +4 dagger
rCold    . . .     Gourm    .   (no shield)
rNeg     . . .     Faith    .   a - +0 robe
rPois    .         Spirit   .   b - +0 hat
rElec    .         Reflect  .   (no cloak)
rCorr    .         Harm     .   (no gloves)
MR       .....                  (no boots)
Stlth    ++........             (no amulet)
HPRegen  0.09/turn              (no ring)
MPRegen  0.15/turn              (no ring)

@: very slightly contaminated
A: no striking features
a: no special abilities


You were on level 3 of the Dungeon.
You were not hungry.

You visited 1 branch of the dungeon, and saw 3 of its levels.

You collected 117 gold pieces.

Inventory:

Hand Weapons
 h - a +4 dagger (weapon)
 m - a +1 dagger of venom
Armour
 a - a +0 robe (worn)
 b - a +0 hat (worn)
Jewellery
 j - an uncursed amulet of rage {unknown}
 r - an uncursed amulet of the gourmand
Scrolls
 c - 2 scrolls of fear {unknown}
 e - 5 scrolls of identify {unknown}
 g - 2 scrolls of immolation {unknown}
 i - a scroll of random uselessness {unknown}
 k - a scroll of remove curse {unknown}
 l - 2 scrolls of fog {unknown}
 n - 3 scrolls of teleportation {unknown}
 o - a scroll of magic mapping {unknown}
 p - a scroll of amnesia {unknown}
 s - a scroll of noise {unknown}
Potions
 f - a potion of curing {unknown}
 q - a potion of magic {unknown}
Comestibles
 d - 6 rations


   Skills:
 + Level 0.1 Fighting
 + Level 3.2 Dodging
 + Level 2.8 Stealth
 + Level 7.0 Spellcasting
 + Level 3.0 Conjurations
   Level 1.1 Summonings
 + Level 1.1 Translocations
 + Level 0.5 Fire Magic
 + Level 0.2 Air Magic
 + Level 0.3 Poison Magic


You had 9 spell levels left.
You knew the following spells:

 Your Spells              Type           Power        Failure   Level  Hunger
a - Magic Dart            Conj           ###.         1%          1    None
b - Blink                 Tloc           N/A          7%          2    None
c - Conjure Flame         Conj/Fire      ###.....     10%         3    None
d - Mephitic Cloud        Conj/Pois/Air  ##......     13%         3    None

Your spell library contained the following spells:

 Spells                   Type           Power        Failure   Level  Hunger
 Call Imp                 Summ           ##......     7%          2    None
 Slow                     Hex            #.......     11%         2    None


Dungeon Overview and Level Annotations

Branches:
Dungeon (3/15)

Altars:
Yredelemnul


Message History

Your Spellcasting skill increases to level 7!
Your Conjurations skill increases to level 3!
You have reached level 5!
Casting: Magic Dart (safe; 1% risk of failure)
Confirm with . or Enter, or press ? or * to list all spells.
Aiming: Magic Dart (safe; 1% risk of failure)
Press: ? - help, Shift-Dir - straight line, f - orc
Aim: an orc, wielding a +1 flail of holy wrath The magic dart hits the orc.
The orc is lightly wounded.
Casting: Magic Dart (safe; 1% risk of failure)
Confirm with . or Enter, or press ? or * to list all spells.
You don't have enough magic to cast that spell.
Unknown command.
An orc priest comes into view. It is wielding a -1 club.
There is a stone staircase leading up here.
The orc priest calls down the wrath of Beogh upon you.
Beogh smites you!
Ouch! That really hurt!
You die...

#.#...........#
#...####.##...# ##.##
#.##...# #.# #.##..<# #.#
#.##...##### #.#
#[##........ #.#
#.##.#####.# #.#
#.#.........
#########.#####.@..##..#..
..>†..÷............# ##
####.####.###.###..# #.#
#.# #.# #o.... #.# #.# #.#
#.##### #.# #.# #.# #.#
####.####.# #o# #.#
..........# #o# .#
.###.####.###.###.#


You could see an orc priest.

Vanquished Creatures
  An orc warrior (D:3)
  3 gnolls (D:3)
  4 adders (D:2)
  An ooze (D:3)
  2 dart slugs (D:2)
  3 leopard geckos (D:1)
  An orc (D:3)
  9 bats
  2 giant cockroaches (D:1)
  3 goblins (D:1)
  2 hobgoblins
  6 jackals
  A kobold (D:3)
  4 frilled lizards
  10 rats
  A spectral orc (D:2)
53 creatures vanquished.

Notes
Turn   | Place    | Note
-------+----------+-------------------------------------------
     0 | D:1      | H0rd4k the Deep Elf Wizard began the quest for the Orb.
     0 | D:1      | Reached XP level 1. HP: 10/10 MP: 7/7
   207 | D:1      | Reached XP level 2. HP: 15/15 MP: 5/9
   251 | D:1      | Reached skill level 5 in Spellcasting
   932 | D:2      | Reached XP level 3. HP: 19/19 MP: 4/12
   966 | D:2      | Learned a level 2 spell: Blink
   970 | D:2      | Learned a level 3 spell: Conjure Flame
   974 | D:2      | Learned a level 3 spell: Mephitic Cloud
  1050 | D:2      | Reached skill level 6 in Spellcasting
  1205 | D:2      | Found a basalt altar of Yredelemnul.
  1354 | D:2      | Reached XP level 4. HP: 15/24 MP: 0/14
  1948 | D:3      | Noticed an orc warrior
  1963 | D:3      | Killed an orc warrior
  1963 | D:3      | Reached skill level 7 in Spellcasting
  1963 | D:3      | Reached XP level 5. HP: 11/28 MP: 1/16
  1971 | D:3      | Killed from afar by an orc priest

Levels and vault maps discovered:
D:1:      moated_graveyard_arrival, layout_basic
D:2:      layout_loops_ring, yredelemnul_forgotten_temple_becter, first_ration
D:3:      layout_loops_ring, amethyst_overflow_temple_binary,
          minmay_fractal_squares_gapless_5

Skill      XL: |  1  2  3  4 |
---------------+-------------+-----
Spellcasting   | 5 6 7 |  7.0
Dodging        | 3 |  3.2
Conjurations   | 3 |  3.0
Fighting       | |  0.1
Stealth        | |  2.8
Summonings     | |  1.1
Translocations | |  1.1
Fire Magic     | |  0.5
Air Magic      | |  0.2
Poison Magic   | |  0.3

Action                   |  1- 3 |  4- 6 || total
-------------------------+-------+-------++-------
Melee: Unarmed           |     5 |       ||     5
 Cast: Magic Dart        |    82 |    33 ||   115
       Conjure Flame     |       |     3 ||     3
       Mephitic Cloud    |       |     3 ||     3
  Eat: Chunk             |     1 |     2 ||     3
Armor: Robe              |     5 |       ||     5
Dodge: Dodged            |    20 |     1 ||    21
